 Dungeon Crawl Stone Soup version 0.32-a0-975-g85d4e5bfdb (webtiles) character file.

Game seed: 16343554574443544863

16 kae the Changeling (level 2, -2/21 HPs)
             Began as a Demonspawn Shapeshifter on Apr 18, 2024.
             Slain by a gnoll
             ... wielding a +0 whip
              (9 damage)
             ... on level 1 of the Dungeon.
             The game lasted 00:00:18 (975 turns).

kae the Changeling (Demonspawn Shapeshifter)         Turns: 975, Time: 00:00:18

Health: -2/21      AC:  2    Str: 14    XL:     2   Next: 41%
Magic:  2/2        EV: 11    Int: 10    God:
Gold:   62         SH:  0    Dex: 12    Spells: 1/1 levels left

rFire   . .          .
                       - Unarmed
rCold   . . .        (no shield)
rNeg    . . .        a - +0 animal skin
rPois   .            (helmet currently unavailable)
rElec   .            (cloak currently unavailable)
rCorr   .            (gloves currently unavailable)
SInv    .            (boots currently unavailable)
Will    .....        (no amulet)
Stlth   +            (no ring)
HPRegen 0.23/turn    (no ring)
MPRegen 0.08/turn

%: no passive effects
@: beast-form
A: beast (slay +1), ignite blood 1
a: Begin Untransformation


You were on level 1 of the Dungeon.
You were a hulking beast.
You visited 1 branch of the dungeon, and saw 2 of its levels.

You collected 62 gold pieces.


Innate Abilities, Weirdness & Mutations

You are a hulking beast.
Your limbs bulge with bestial killing power. (Slay +1)
Your demonic aura sometimes causes spilled blood to erupt in flames.


   Skills:
 - Level 1.0 Fighting
 - Level 1.7 Dodging
 + Level 3.0 Unarmed Combat
 * Level 3.1 Shapeshifting


You had one spell level left.
You didn't know any spells.
Your spell library contained the following spells:

 Spells                   Type           Power      Damage    Failure   Level
 Apportation              Tloc           0%         N/A       36%         1
 Jinxbite                 Hex            0%         N/A       50%         2
 Alistair's Intoxication  Alch           0%         N/A       100%        5

Inventory:

Missiles
 e - 5 stones (quivered)
Armour
 a - a +0 animal skin (worn)
Talismans
 c - a beast talisman (active)
 d - a flux talisman
Scrolls
 g - a scroll of noise {unknown}
 h - a scroll of amnesia {unknown}
Potions
 b - a potion of lignification {!q}
 f - a potion of mutation {unknown}
 i - a potion of might {unknown}

Dungeon Overview and Level Annotations

Branches:
Dungeon (2/15) Zot: 10970

Altars:

# ♣.♣#
######...##..##.~~~~####
##♣♣)# #.........#~~≈~≈≈##
#....# ##.......##.~~≈≈≈≈##
..#..# ##.......#..≈≈≈≈≈≈#
#....# #...###..#.~≈≈≈≈≈≈
#.#.########## #.#.#
#.....######
.#.#.........###.#.###.##.##
#.#.########.#.g.#........#
.#.#.# #.#.#h#....#####
#.#.## ###.#.#.#### .#.#.#
##.#.## ### # #.#.## #.###.#
#.# ## .#.#.# ##.#.##
#.#########≈ #.#.########
#.#.#.# #.##..~..~≈~
.#.#.##....# ##.#.##
#.#..≈≈≈≈~~. #.#.#......#
#.###.# #.#≈~≈#.####
.#.#.##.#..# ##.#.##
#...###.....


You could see a gnoll.


Message History

You kill the kobold!
You hit the hobgoblin.
A rat comes into view.
The hobgoblin barely misses you.
There are monsters nearby!
The rat squeaks loudly.
You hit the hobgoblin. Your punch misses the hobgoblin.
The hobgoblin barely misses you.
You hit the hobgoblin.
You kill the hobgoblin!
Your Unarmed Combat skill increases to level 3!
A rat is nearby!
Things that are here:
a +0 whip; a hobgoblin corpse The rat closely misses you.
You barely miss the rat. The rat closely misses you.
You hit the rat.
You kill the rat!
You see here a rat corpse.
i - a dark potion No target in view!
No target in view!
You now have 55 gold pieces (gained 15).
There is an empty arch of ancient stone here.
You now have 62 gold pieces (gained 7).
Key pressed, stopping explore.
No target in view!
No target in view!
There is an empty arch of ancient stone here.
You see here a +0 mace.
You enter the shallow water.
Moving in this stuff is going to be slow.
Key pressed, stopping explore.
No target in view!
No target in view!
You see here a +0 plate armour.
You enter the shallow water.
Moving in this stuff is going to be slow.
You enter the shallow water.
Moving in this stuff is going to be slow.
Partly explored, can't reach some places.
No target in view!
No target in view!
Partly explored, can't reach some places.
No target in view!
No target in view!
Partly explored, can't reach some places.
No target in view!
No target in view!
Partly explored, can't reach some places.
Partly explored, can't reach some places.
What are your orders? t - Shout!
Orders for allies: a - Attack new target. r - Retreat! s - Stop attacking. g - Guard the area. f - Follow me.
Anything else - Cancel.
Retreat in which direction?
Press: ? - help, Dir - move target, f - you
Okay, then.
Okay, then.
Okay, then.
You enter the shallow water.
Moving in this stuff is going to be slow.
There is a stone staircase leading down here.
You climb downwards.
The gnoll shouts! x3; You hear a shout!
There is a stone staircase leading up here.
There are monsters nearby!
Okay, then.
A gnoll comes into view. It is wielding a +0 whip.
The gnoll hits you with a +0 whip.
You climb upwards.
There is a stone staircase leading down here. 😕 HP[-5]
You take 5 damage, and now have 16/21 hp.
MASSIVE DAMAGE!! (PAUSE)
You barely miss the gnoll. The gnoll hits you with a +0 whip.
You are too injured to fight recklessly! 😮 HP[-4]
You take 4 damage, and now have 12/21 hp.
You are too injured to fight recklessly!
You are too injured to fight recklessly!
You are too injured to fight recklessly!
You are too injured to fight recklessly!
Unknown command.
You hit the gnoll. You punch the gnoll.
Unknown command.
You closely miss the gnoll. The gnoll hits you with a +0 whip.
* * * LOW HITPOINT WARNING * * *
😨 HP[-3]
You take 3 damage, and now have 9/21 hp.
You punch the gnoll! The gnoll barely misses you.
Unknown command.
You hit the gnoll but do no damage. The gnoll hits you with a +0 whip.
* * * LOW HITPOINT WARNING * * *
😨 HP[-2]
You take 2 damage, and now have 7/21 hp.
You barely miss the gnoll. The gnoll hits you with a +0 whip!
You die...

Skill      XL: |  1  2 |
---------------+-------+-----
Shapeshifting  | 3 |  3.1
Unarmed Combat | 3 |  3.0
Fighting       | |  1.0
Dodging        | |  1.7

Action                     || total
---------------------------++-------
  Melee: Unarmed           ||    37
         Punch             ||     2
   Stab: Sleeping          ||     2
 Armour: Animal skin       ||    16
  Dodge: Dodged            ||    15

Levels and vault maps discovered:
D:1:      saegor_arrival_simple_a, layout_loops_ring,
          shapermc_ecumenical_altar_totnotflames, serial_rivers,
          chequers_serial_rivers_marsh, chequers_serial_rivers_small_a,
          chequers_serial_rivers_large_b, chequers_serial_rivers_room_b,
          chequers_serial_rivers_large_a, minivault_23, roderic_roman_lattice
D:2:      layout_loops_ring, serial_undead, serial_undead_a, serial_undead_f,
          serial_undead_c, serial_undead_d, serial_undead_f, serial_undead_b

Notes
Turn   | Place    | Note
-------+----------+-------------------------------------------
     0 | D:1      | kae the Demonspawn Shapeshifter began the quest for the
                  | Orb.
     0 | D:1      | Reached XP level 1. HP: 15/15 MP: 1/1
     0 | D:1      | magus.rc [v1.11.3]
   368 | D:1      | Reached skill level 3 in Shapeshifting
   402 | D:1      | Gained mutation: Your demonic aura sometimes causes spilled
                  | blood to erupt in flames. [demonic ancestry]
   402 | D:1      | Reached XP level 2. HP: 21/21 MP: 2/2
   593 | D:1      | You pick up a book of Party Tricks and begin reading...
   593 | D:1      | You add the spells Apportation, Jinxbite and Alistair's
                  | Intoxication to your library.
   774 | D:1      | Found a faded altar of an unknown god.
   779 | D:1      | Reached skill level 3 in Unarmed Combat
   975 | D:1      | Slain by a gnoll

Vanquished Creatures
  A dart slug (D:1)
  2 endoplasms (D:1)
  A goblin (D:1)
  2 hobgoblins (D:1)
  A ball python (D:1)
  A bat (D:1)
  3 frilled lizards (D:1)
  2 kobolds (D:1)
  2 rats (D:1)
15 creatures vanquished.

Table legend:
 A = Non-vault XP
 B = Vault XP
 C = Vault XP percentage of total XP
 D = Non-vault monster count
 E = Vault monster count
 F = Vault count percentage of total count
                 A         B        C        D         E       F
            +---------+---------+-------+---------+---------+-------
      Total |      24 |       0 |   0.0 |      15 |       0 |   0.0
            +---------+---------+-------+---------+---------+-------
        D:1 |      24 |       0 |   0.0 |      15 |       0 |   0.0
            +---------+---------+-------+---------+---------+-------

Skill      XL: |  1  2 |
---------------+-------+-----
Shapeshifting  | 3 |  3.1
Unarmed Combat | 3 |  3.0
Fighting       | |  1.0
Dodging        | |  1.7

Action                     || total
---------------------------++-------
  Melee: Unarmed           ||    37
         Punch             ||     2
   Stab: Sleeping          ||     2
 Armour: Animal skin       ||    16
  Dodge: Dodged            ||    15

Illustrated notes

Table legend:
 A = Kills in this place as a percentage of kills in the entire game.
 B = Kills by you in this place as a percentage of kills by you in the entire game.
 C = Kills by friends in this place as a percentage of kills by friends in the entire game.
 D = Other kills in this place as a percentage of other kills in the entire game.
 E = Experience gained in this place as a percentage of experience gained in the entire game.
 F = Experience gained in this place divided by the number of levels of this place that you have seen.
                   A       B       C       D       E      F
               +-------+-------+-------+-------+-------+----------------------
         Total | 100.0 | 100.0 |   N/A |   N/A | 100.0 |  12.0
       Dungeon | 100.0 | 100.0 |   N/A |   N/A | 100.0 |  12.0
               +-------+-------+-------+-------+-------+----------------------

Table legend: (Time is in decaauts)
 A = Elapsed time spent in this place.
 B = Non-inter-level travel time spent in this place.
 C = Inter-level travel time spent in this place.
 D = Time resting spent in this place.
 E = Time spent auto-exploring this place.
 F = Levels seen in this place.
 G = Mean time per level.
                   A        B        C        D        E       F      G
               +--------+--------+--------+--------+--------+-----+--------+
         Total |   1028 |   1003 |     25 |      0 |    913 |   2 |  514.0 |
       Dungeon |   1028 |   1003 |     25 |      0 |    913 |   2 |  514.0 |
               +--------+--------+--------+--------+--------+-----+--------+

Top non-repeatable levels by time:
     D:1: 1024 daAuts
     D:2: 3 daAuts
